Selects Australian Defense Battlegroup
Selects Australian Light Infantry Section
Australian Light Infantry Section
Construct Section Command Post
Australian Light Infantry Section
Construct Section Command Post
Selects 2-pounder Anti-tank Gun Team
2-pounder Anti-tank Gun Team
Construct Platoon Command Post
Australian Light Infantry Section
Selects CMP 15cwt Supply Run
Construct Company Command Post
Construct Field Infirmary
2-pounder Anti-tank Gun Team
Construct Company Command Post
Selects Reinforced Resource Caches
Selects Charged Creeping Barrage
Unlock Towed 17-pounder Anti-tank Guns
17-pounder Anti-tank Gun Team